[Event "FIDE WTC Prel-B 2022"]
[Site "Jerusalem"]
[Date "2022.11.20"]
[Round "2.21"]
[White "Vidit, Santosh Gujrathi"]
[Black "Wojtaszek, Radoslaw"]
[Result "1/2-1/2"]
[ECO "D38"]
[WhiteElo "2724"]
[BlackElo "2686"]
[Annotator "TA"]
[PlyCount "145"]
[EventDate "2022.11.20"]
[EventType "team-tourn"]
[EventCountry "ISR"]
[SourceTitle "playchess.com"]
[Source "ChessBase"]
[SourceQuality "1"]
[WhiteTeam "India"]
[BlackTeam "Poland"]
[WhiteTeamCountry "IND"]
[BlackTeamCountry "POL"]
[TimeControl "2700+10"]

1. d4 Nf6 2. c4 e6 3. Nf3 d5 4. Nc3 Bb4 5. Qa4+ Nc6 6. e3 O-O 7. Qc2 {[%emt 0:00:02] D38: Queen's Gambit Declined: Ragozin Defence (4 Nf3 Bb4).} Ne7 8. Bd2 b6 9. cxd5 exd5 10. a3 Bf5 11. Bd3 Bxd3 12. Qxd3 Bd6 {[%emt 0:00:20] [#]} 13. Nb5 $146 ({Predecessor:} 13. O-O c6 14. Rac1 a5 15. e4 dxe4 16. Nxe4 Nxe4 17. Qxe4 f6 18. Qe6+ Rf7 19. Rfe1 {½-½ (44) Abdulla,A (2488)-Hammer,J (2651) Baku 2016}) 13... c5 14. Nxd6 Qxd6 15. dxc5 bxc5 16. O-O a5 17. Bc3 Ne4 18. Nd2 Nxc3 19. bxc3 Rfd8 20. Rfd1 h6 21. Rab1 Qc6 22. h3 c4 (22... Qa4 $5 ) 23. Qc2 Rab8 24. a4 g6 25. Nf3 Nf5 26. g4 Ne7 27. Nd4 Qf6 28. Rxb8 Rxb8 29. Rb1 Ra8 (29... Rb6 $11) 30. Rb5 $16 h5 31. Qe2 hxg4 32. hxg4 (32. Qxg4 Kg7 $16) 32... Qd6 33. Qf3 Kg7 34. Qf4 Qxf4 35. exf4 {[%emt 0:00:01][%mdl 4096] Endgame KRN-KRN} Kf8 (35... Nc8 $16 {keeps fighting.} 36. f5 (36. Rxd5 Nb6 $15) 36... Ra7 37. fxg6 (37. Rxd5 Nb6 $16) 37... fxg6) 36. Kg2 Ke8 37. Kf3 Ra6 38. Rb8+ Kd7 39. Rb7+ Ke8 40. Ke3 $1 Nc8 41. Nb5 (41. f3 $18 {has better winning chances.}) 41... Rb6 42. Rc7 Re6+ 43. Kd2 {[%emt 0:03:30] White is more active.} Nb6 (43... Ne7 $16 {was necessary.}) 44. Ra7 $18 {[%emt 0:00:48] Black must now prevent Nc7+.} Rf6 45. Rxa5 {[%emt 0:00:34] aiming for Ke3.} Rxf4 46. Ra6 $1 Nc8 (46... Rxf2+ $2 47. Ke3 Rf6 48. a5 $18) 47. Nc7+ (47. Ke3 $142 $1 Re4+ 48. Kf3) 47... Kd7 $16 48. Nxd5 Rxf2+ 49. Ke3 Rg2 50. a5 (50. Nf6+ $16 Kc7 51. Kd4) 50... g5 51. Rh6 Nd6 $2 (51... Rg3+ $14 52. Kd4 Rxg4+ 53. Kc5 Rg2) 52. a6 (52. Nb6+ $142 Kc7 53. Nd5+ Kc6 54. Kf3) 52... Ra2 $2 (52... Nc8 53. Kd4 Rxg4+ 54. Kc5 Rg1) 53. Nb4 $2 (53. Nb6+ $1 $18 {is the precise move to win.} Kc7 54. Rxd6 $1 (54. Nd5+ Kd7 $16)) 53... Ra5 54. Kd4 (54. Rh5 $16) 54... f5 $14 55. Rh7+ Ke6 56. gxf5+ Kxf5 $2 {[%emt 0:00:10] [#]} ({Black should play} 56... Nxf5+ $14 57. Kxc4 g4) 57. Rh6 $1 $18 Ne8 {[%emt 0:01:15] [#]} 58. Rc6 (58. Nc6 $1 $18 Ra2 59. a7 (59. Kxc4 g4 $16)) 58... g4 $14 59. Nd5 {[%emt 0:00:14] Strongly threatening Rc5.} ({Resist} 59. Rxc4 Ra3 $16) 59... g3 {[%emt 0:00:16][%cal Oa5d5] ...Rxd5+! is the strong threat.} 60. Ne3+ Kf4 61. Re6 ({Not} 61. Nxc4 $2 g2 62. Nxa5 (62. Rg6 $2 Rg5 $19) 62... g1=Q+ 63. Kc4 Qg7 $19) 61... Nc7 62. Rf6+ Kg5 63. Rf3 Rxa6 64. Rxg3+ Kf4 65. Rg1 (65. Rh3 $14) 65... Nb5+ (65... Ne6+ $15 66. Kxc4 Kxe3) 66. Kxc4 $11 {[%emt 0:00:02] The position is equal.} Nxc3 67. Re1 Rc6+ 68. Kd3 Rc8 69. Nc4 Nd5 70. Re4+ Kg3 71. Nd6 Nf4+ {[%emt 0:00:12] [#]} 72. Rxf4 $1 Kxf4 73. Nxc8 {Weighted Error Value: White=0.28 (precise) /Black=0.37} 1/2-1/2

[Event "FIDE WTC Prel-B 2022"]
[Site "Jerusalem"]
[Date "2022.11.20"]
[Round "2.22"]
[White "Piorun, Kacper"]
[Black "Nihal Sarin"]
[Result "1/2-1/2"]
[ECO "C77"]
[WhiteElo "2611"]
[BlackElo "2670"]
[Annotator "TA"]
[PlyCount "124"]
[EventDate "2022.11.20"]
[EventType "team-tourn"]
[EventCountry "ISR"]
[SourceTitle "playchess.com"]
[Source "ChessBase"]
[SourceQuality "1"]
[WhiteTeam "Poland"]
[BlackTeam "India"]
[WhiteTeamCountry "POL"]
[BlackTeamCountry "IND"]
[TimeControl "2700+10"]

1. e4 e5 2. Nf3 Nc6 3. Bb5 a6 4. Ba4 Nf6 5. O-O Be7 6. d3 b5 7. Bb3 d6 8. a3 O-O 9. Nc3 Na5 {[%emt 0:00:02] C77: Ruy Lopez: 3...a6 4 Ba4 Nf6, unusual lines.} 10. Ba2 Be6 11. b4 Bxa2 12. Nxa2 Nc6 13. Bd2 {[%emt 0:00:14] [#]} Re8 $146 ({Predecessor:} 13... a5 14. Qb1 axb4 15. axb4 Qd7 16. Qb3 Ra4 17. c4 Rfa8 18. cxb5 Nd4 19. Nxd4 exd4 {0-1 (26) Salinas Herrera,P (2514)-Mozharov,M (2558) Chess.com INT 2020}) 14. Re1 Qd7 15. c4 Nd4 16. Nc3 Nxf3+ 17. Qxf3 c6 18. h3 Qe6 19. Rec1 h6 20. Ne2 Bf8 (20... Rac8 $11) 21. Ng3 (21. cxb5 $14 cxb5 22. Nc3) 21... g6 22. a4 Bg7 23. axb5 axb5 24. Ra5 Reb8 25. cxb5 cxb5 26. Qd1 Nd7 (26... d5 $11) 27. Nf1 {[%emt 0:03:00][%cal Bg3f1,Bf1e3,Be3d5][%mdl 32] White is more active.} (27. Ne2 $5 ) 27... Rxa5 28. bxa5 Nc5 29. Bb4 Na6 30. Be1 b4 31. Ne3 {[%emt 0:00:03] [#] Strongly threatening Rc6.} b3 32. Nd5 {[%emt 0:04:08] Hoping for Rb1.} Qd7 33. Rc6 Nc5 34. Bb4 Kh8 35. Rb6 Rxb6 36. axb6 Qb5 {[%emt 0:00:01] The position is equal.} 37. Qa1 {[%emt 0:00:06] White threatens Qa8+ and mate.} Na4 (37... Nxd3 {is a self mate.} 38. Qa8+ Kh7 {[#]} 39. Ne7 $1 h5 40. Qg8+ Kh6 41. Bd2+ Nf4 42. Qxf7) 38. Qa3 b2 39. Qb3 Nxb6 40. Nxb6 Qxb6 41. Qxb2 $11 {[%emt 0:00:01][%mdl 4096] Endgame KQB-KQB} Bf8 42. Qa3 Kg7 43. Kf1 Be7 44. Ke2 Qc6 45. Qb3 Qb7 {[%emt 0:00:19][%cal Od6d5] White must now prevent ...d5!} 46. Qc3 Kg8 47. Ba3 Qa6 48. g3 h5 49. Bb2 Qb7 50. Kf1 Bf6 51. Ba3 d5 52. exd5 Qxd5 53. Qc8+ Kg7 54. Kg1 h4 {[%emt 0:00:04] Threatens to win with ...hxg3.} 55. Qc4 Qa8 56. Qb4 hxg3 57. fxg3 Bg5 {[%emt 0:00:19] ...Qf3 is the strong threat.} 58. Kf2 {[%emt 0:00:32] Inhibits Qf3+.} Qa7+ 59. Qc5 Qd7 60. Qxe5+ Bf6 61. Bf8+ Kxf8 62. Qxf6 Qxd3 {[%emt 0:00:03] Weighted Error Value: White=0.05 (flawless) /Black=0.06 (flawless)} 1/2-1/2

[Event "FIDE WTC Prel-B 2022"]
[Site "Jerusalem"]
[Date "2022.11.20"]
[Round "2.23"]
[White "Narayanan.S.L"]
[Black "Bartel, Mateusz"]
[Result "1-0"]
[ECO "D35"]
[WhiteElo "2673"]
[BlackElo "2627"]
[Annotator "TA"]
[PlyCount "67"]
[EventDate "2022.11.20"]
[EventType "team-tourn"]
[EventCountry "ISR"]
[SourceTitle "playchess.com"]
[Source "ChessBase"]
[SourceQuality "1"]
[WhiteTeam "India"]
[BlackTeam "Poland"]
[WhiteTeamCountry "IND"]
[BlackTeamCountry "POL"]
[TimeControl "2700+10"]

1. d4 d5 2. c4 e6 3. Nf3 Nf6 4. Nc3 Nbd7 5. cxd5 exd5 6. Bg5 c6 7. e3 Be7 8. Bd3 h6 9. Bf4 Nh5 {[%emt 0:00:51] D35: Queen's Gambit Declined: Exchange Variation.} 10. Be5 Nxe5 11. dxe5 g6 {[%emt 0:00:10] The position is equal.} 12. Qc2 Ng7 13. O-O-O O-O {[%emt 0:03:24] [#]} 14. h4 $146 ({Predecessor:} 14. e4 d4 15. Bc4 b5 16. Bb3 Bg4 17. Rxd4 Qb6 18. Rhd1 Rad8 19. Rxd8 Rxd8 20. Rxd8+ Bxd8 {½-½ (47) Jaracz,P (2456)-Jianu,V (2532) Chess.com INT 2021}) 14... Bg4 15. Kb1 Rc8 (15... h5 $11) 16. Ka1 (16. h5 $14 gxh5 17. Ne2) 16... Qc7 17. Ne2 ({White should try} 17. Rc1 $11) 17... Rfd8 ({Reject} 17... Bxf3 18. gxf3 Qxe5 19. f4 $11) (17... h5 $15) 18. Nh2 $1 $16 Bxe2 19. Bxe2 {[%emt 0:00:08][%cal Oh4h5] h5! is the strong threat.} Qxe5 20. Ng4 $1 Qe4 (20... Qe6 $16) 21. Nxh6+ $18 Kf8 {[%emt 0:00:01] [#]} 22. Bd3 Qe5 (22... Qe6 {is a better defense.} 23. g4 Rc7) 23. h5 gxh5 24. Nf5 ({White should play} 24. f4 $18 Qf6 25. Nf5) 24... Nxf5 $16 25. Bxf5 Rc7 (25... Ra8 $16) 26. Rxh5 $18 Bf6 27. Bg4 (27. g4 $16) 27... Qd6 28. Rdh1 (28. Qd2 $5 ) 28... d4 $2 {[%emt 0:01:39] [#]} (28... Re8 $11 {and Black is okay.}) 29. Qe4 $1 {[%emt 0:02:03][%cal Oh5h8] And now Rh8+! would win.} dxe3 $2 {[%emt 0:01:11] [#]} (29... Kg8 $18 30. Qh7+ Kf8) 30. Rh8+ $1 {[%emt 0:00:29][%mdl 576] Zwischenzug} Bxh8 31. Rxh8+ Kg7 32. Qh7+ Kf6 33. Qh6+ (33. Rxd8 $142 Qxd8 34. Qh4+ Kg6 35. Qxd8 exf2 36. Be2 f6 37. Qxc7 a5 38. Qxb7) 33... Ke7 {[%emt 0:00:19][%cal Od6d1] ( -> ...Qd1+!)} 34. Qxe3+ {[%emt 0:00:11] Weighted Error Value: White=0.49/Black=0.61} 1-0

[Event "FIDE WTC Prel-B 2022"]
[Site "Jerusalem"]
[Date "2022.11.20"]
[Round "2.24"]
[White "Janik, Igor"]
[Black "Sethuraman, S.P."]
[Result "1-0"]
[ECO "E06"]
[WhiteElo "2539"]
[BlackElo "2643"]
[Annotator "TA"]
[PlyCount "95"]
[EventDate "2022.11.20"]
[EventType "team-tourn"]
[EventCountry "ISR"]
[SourceTitle "playchess.com"]
[Source "ChessBase"]
[SourceQuality "1"]
[WhiteTeam "Poland"]
[BlackTeam "India"]
[WhiteTeamCountry "POL"]
[BlackTeamCountry "IND"]
[TimeControl "2700+10"]

1. c4 Nf6 2. Nf3 e6 3. g3 d5 4. Bg2 c6 5. O-O Be7 6. d4 O-O 7. Nc3 b6 8. Ne5 Bb7 9. e4 Na6 10. Bf4 {[%emt 0:06:25] White is more active. E06: Closed Catalan: Early deviations.} dxc4 11. Nxc4 b5 12. Ne3 {[%emt 0:03:12] White is slightly better.} b4 13. e5 Nd5 14. Ncxd5 cxd5 15. h4 {[%emt 0:00:03] [#]} (15. Qg4 $5 ) 15... Qb6 $146 ({Predecessor:} 15... Nb8 16. h5 Nd7 17. Ng4 Qb6 18. Be3 Ba6 19. Re1 Rfc8 20. f4 b3 21. axb3 Bb4 {1-0 (40) Jankovic,A (2573)-Gjuran,D (2351) Slovenia 2011}) 16. h5 (16. a4 $5 ) 16... f5 17. Qd2 Nc7 18. a4 b3 19. Rfc1 {[%emt 0:02:01] a5 is the strong threat.} Rac8 20. g4 Bb4 21. Qd1 fxg4 22. Bg3 h6 23. Qxg4 {[%emt 0:04:01] And now Bf1 would win.} (23. Qxb3 {seems wilder.} Bd2 24. Qxb6 axb6 25. Rc2) 23... Rf7 24. Rd1 (24. Bh3 $5 ) 24... Rcf8 (24... Ba6 $1 $14) 25. Rd3 $1 $16 a5 26. Rxb3 Ba6 27. Qd1 (27. Rc1 $16) 27... Bc4 $1 $11 28. Nxc4 dxc4 29. Re3 Rd7 (29... Nd5 $11) 30. Qg4 ({White should try} 30. Qc2 $1 $14) 30... Rxd4 31. Be4 ({White should play} 31. Re4 $11 Bc5 32. Rxd4 Bxd4 33. Rf1) 31... Bc5 (31... Bd2 32. Qg6 $1 Rxe4 33. Rxe4 Qxb2 34. Rf1 $16) (31... Nd5 $1 $15 32. Re2 (32. Qg6 Nxe3 33. Qh7+ Kf7 $15) 32... c3) 32. Rf1 {[%emt 0:02:27] [#]} Qxb2 $2 (32... Rd2 $2 33. Qg6 $1 $18) (32... Rf5 $1 $11 {and Black is okay.} 33. Qh3 (33. Qg6 $2 Rxe4 34. Rxe4 Rg5 $19) (33. Bh4 Nd5) 33... Rg5) 33. Qg6 $18 Rxe4 34. Rxe4 c3 (34... Qc2 $2 35. Rg4 Qxg6 36. hxg6) 35. Rc4 ({Don't play} 35. Rg4 Rf7) 35... Bb6 36. Rf4 $40 {[%emt 0:04:41][%mdl 128] White attacks. Really sharp!} ({Better is} 36. Rc6 $1 $16) 36... Qd2 37. Rxf8+ Kxf8 38. Qg4 $1 {[%emt 0:00:00] Hoping for Rd1.} c2 {[%emt 0:00:16][%mdl 8192] [#] Prevents Rd1.} (38... Qg5 $14 39. Qf3+ Qf5 40. Qxc3 (40. Qb7 $2 Nd5 $19) 40... Nd5 41. Qa3+ (41. Qc8+ Kf7 $11) 41... Kf7) 39. Qf4+ $1 Qxf4 40. Bxf4 {[%emt 0:00:01][%mdl 4096] Endgame KRB-KBN} Nd5 {[%emt 0:00:18] [#]} 41. Bd2 Nb4 $2 (41... Bd4 42. Rc1 (42. Bxa5 Bc3 $11) 42... Kf7 43. Bxa5 Bxe5 44. Rxc2 Ke7) 42. Rc1 Nd3 43. Rxc2 Nxe5 44. Kg2 {[%emt 0:00:28][%cal Od2a5] Inhibits Nf3. Threatens to win with Bxa5!} Ke7 {[%emt 0:00:11] [#]} 45. Bxa5 $1 Bxa5 (45... Nd3 46. Bd2) 46. Rc5 $1 Kd6 47. Rxa5 g6 {[%emt 0:00:02] [#]} 48. Rxe5 $1 {[%emt 0:00:05][%mdl 512] Weighted Error Value: White=0.22 (precise) /Black=0.62} 1-0

[Event "FIDE WTC Prel-B 2022"]
[Site "Jerusalem"]
[Date "2022.11.21"]
[Round "3.13"]
[White "Wojtaszek, Radoslaw"]
[Black "Rodshtein, Maxim"]
[Result "1-0"]
[ECO "D43"]
[WhiteElo "2686"]
[BlackElo "2618"]
[Annotator "TA"]
[PlyCount "61"]
[EventDate "2022.11.20"]
[EventType "team-tourn"]
[EventCountry "ISR"]
[SourceTitle "playchess.com"]
[Source "ChessBase"]
[SourceQuality "1"]
[WhiteTeam "Poland"]
[BlackTeam "Israel"]
[WhiteTeamCountry "POL"]
[BlackTeamCountry "ISR"]
[TimeControl "2700+10"]

1. d4 Nf6 2. Nf3 e6 3. c4 d5 4. Nc3 c6 5. Bg5 h6 6. Bxf6 Qxf6 7. e3 Nd7 8. Be2 dxc4 {[%emt 0:02:41] D43: Semi-Slav: 5 Bg5 h6.} 9. O-O {[%emt 0:00:36] is cutting edge theory.} g6 10. Ne4 Qe7 {[%emt 0:05:26] White is slightly better.} 11. Ne5 Bg7 12. f4 ({Reject} 12. Bxc4 Nxe5 13. dxe5 Bxe5 $17) 12... O-O 13. Bxc4 Rd8 {[%emt 0:06:43] [#]} 14. Qf3 $146 ({Predecessor:} 14. Qe1 f5 15. Nc3 Kh7 16. Rc1 a6 17. Bb3 c5 18. Na4 cxd4 19. exd4 b5 20. Nc6 {½-½ (37) Zhukova,N (2475)-Goryachkina,A (2475) Baku 2016}) 14... Kh7 15. Qg3 Nf8 16. h4 {[%emt 0:09:33] White has more active pieces. The black rooks are badly placed.} ({White should play} 16. Qh3 $16 Kg8 17. g4) 16... f5 $11 17. Nc5 Bf6 18. h5 gxh5 19. Rad1 (19. Qf3 $5 ) 19... Bxe5 20. fxe5 {[%emt 0:00:44][%cal Of1f5] [#] Threatens to win with Rxf5!} Qg5 21. Qf3 {[%emt 0:06:59][%mdl 1024] White has compensation.} Qg4 22. Qf2 (22. Kf2 $16) 22... b6 23. Nd3 {[%emt 0:01:38] With the idea Nf4.} Ng6 24. Nf4 Nxf4 25. exf4 h4 (25... Qg6 $11 {remains equal.}) 26. Rd3 (26. Kh2 $16) 26... c5 $1 27. Rh3 Rxd4 $2 (27... Bb7 $1 $11 {and Black has nothing to worry.}) 28. Be2 $18 Qg7 {[%emt 0:02:21] [#] Hoping for ...Bb7.} 29. Qxh4 {[%emt 0:00:04] White threatens Rff3 and mate.} Bb7 {[%emt 0:02:06][%csl Gb7][%cal Rg7g2] Against Rff3} 30. Rg3 Qd7 (30... Qxg3 $142 31. Qxg3 Rg8) 31. Kf2 {[%emt 0:00:32] Weighted Error Value: White=0.14 (very precise) /Black=0.26 (precise)} ({Not} 31. Qf6 Rg8 32. Rxg8 Kxg8 $11) 1-0

[Event "FIDE WTC Prel-B 2022"]
[Site "Jerusalem"]
[Date "2022.11.21"]
[Round "3.14"]
[White "Nabaty, Tamir"]
[Black "Piorun, Kacper"]
[Result "1-0"]
[ECO "A47"]
[WhiteElo "2629"]
[BlackElo "2611"]
[Annotator "TA"]
[PlyCount "99"]
[EventDate "2022.11.20"]
[EventType "team-tourn"]
[EventCountry "ISR"]
[SourceTitle "playchess.com"]
[Source "ChessBase"]
[SourceQuality "1"]
[WhiteTeam "Israel"]
[BlackTeam "Poland"]
[WhiteTeamCountry "ISR"]
[BlackTeamCountry "POL"]
[TimeControl "2700+10"]

1. d4 Nf6 2. Nf3 e6 3. Bf4 b6 4. e3 Bb7 5. Nbd2 c5 6. c3 Be7 7. h3 O-O 8. Bd3 d6 9. O-O {[%emt 0:00:21] A47: 1 d4 Nf6 2 Nf3 b6: Torre, London and Colle Systems.} cxd4 10. cxd4 (10. Nxd4 $2 e5 11. Bg3 exd4 $19) 10... Nbd7 11. e4 {[%emt 0:01:30] White has an edge.} Re8 12. Re1 a6 13. Bh2 Bf8 14. Rc1 b5 {[%emt 0:03:09] [#]} 15. e5 $146 ({Predecessor:} 15. Bb1 e5 16. d5 Qb6 17. Qe2 Rac8 18. Nf1 g6 19. Ne3 Bh6 20. Bg3 Nh5 21. Rxc8 Rxc8 {1-0 (46) Saduakassova,D (2378)-Tregubov,P (2423) Riga 2021}) 15... dxe5 16. dxe5 Nc5 17. Bb1 Nfd7 18. Bf4 {[%emt 0:04:15][%cal Ob1h7] [#] Strongly threatening Bxh7+!} Be7 19. b4 Na4 20. Ne4 Nf8 (20... Rc8 $11) 21. Nd6 $14 Bxd6 22. exd6 {[%emt 0:00:04] aiming for Ne5.} (22. Qxd6 Bxf3 23. gxf3 Qh4 $11) 22... Nb2 $1 23. Qd4 Nc4 24. Bd3 $1 e5 25. Bxe5 {[%emt 0:00:43] A strong pair of Bishops.} Ne6 $1 26. Qh4 Qxh4 27. Nxh4 Nxe5 28. Rxe5 Red8 29. Rd1 $1 $36 {[%emt 0:01:37][%mdl 2048] White is more active. White is much more active.} (29. Nf5 g6 30. Ng3 Rxd6 $11) 29... g6 30. Be2 Rac8 (30... Rab8 $14) 31. Bg4 $16 Rc4 32. Rxe6 ({Reject} 32. Bxe6 $6 fxe6 33. Nf3 Bxf3 34. gxf3 Kf7 $11) 32... Rxg4 33. Re8+ $1 ({But not} 33. hxg4 fxe6 34. Nf3 Bxf3 35. gxf3 Kf7 $14) 33... Rxe8 34. hxg4 {[%emt 0:00:02][%mdl 4096] Endgame KRB-KRN} f6 35. f4 Kf7 36. f5 Bc6 {[%emt 0:02:13] [#]} (36... Rd8 $16) 37. Kf2 ({White should try} 37. Rc1 $1 $18 Rc8 38. Kf2) 37... Bd7 38. Rd4 {[%emt 0:02:57] Against Re4} Re5 (38... Bc6 $16 {was necessary.}) 39. Nf3 $18 Re8 40. Rf4 gxf5 41. gxf5 {[%emt 0:00:02] Black must now prevent g4.} Rc8 $2 {[%emt 0:00:00] This costs Black the game.} (41... h5 $16) 42. Nd4 Rc4 (42... Re8 $142 43. g4 (43. Rh4 Kg7 $16) 43... Re5) 43. Re4 Kg8 44. Ke3 Rc3+ 45. Kf4 (45. Ke2 $142) 45... Rc4 $2 (45... Rd3 46. Kg4 Rc3) 46. Ne6 {[%emt 0:00:13] White is clearly winning.} Rc2 47. Nc5 Bc6 48. d7 Bxd7 49. Nxd7 Rxg2 50. Re7 {[%emt 0:00:25] Weighted Error Value: White=0.15 (very precise) /Black=0.29 (precise)} (50. Nxf6+ $142 Kg7 51. Ne8+ Kg8 52. a3) 1-0

[Event "FIDE WTC Prel-B 2022"]
[Site "Jerusalem"]
[Date "2022.11.21"]
[Round "3.15"]
[White "Bartel, Mateusz"]
[Black "Boruchovsky, Avital"]
[Result "1/2-1/2"]
[ECO "C84"]
[WhiteElo "2627"]
[BlackElo "2552"]
[Annotator "TA"]
[PlyCount "63"]
[EventDate "2022.11.20"]
[EventType "team-tourn"]
[EventCountry "ISR"]
[SourceTitle "playchess.com"]
[Source "ChessBase"]
[SourceQuality "1"]
[WhiteTeam "Poland"]
[BlackTeam "Israel"]
[WhiteTeamCountry "POL"]
[BlackTeamCountry "ISR"]
[TimeControl "2700+10"]

1. e4 e5 2. Nf3 Nc6 3. Bb5 a6 4. Ba4 Nf6 5. d3 b5 6. Bb3 Be7 7. O-O Bb7 8. Nc3 O-O 9. Bd2 {[%emt 0:00:03] 9.Bd2 was played by the boomers.} d6 10. Ne2 {[%emt 0:00:05] C84: Closed Ruy Lopez: Unusual White 6th moves.} d5 11. exd5 Nxd5 12. Ng3 {[%emt 0:00:12] [#]} Nd4 $146 ({Predecessor:} 12... Qd7 13. Re1 Rad8 14. c3 f6 15. d4 exd4 16. Nxd4 Ne5 17. Bc2 g6 18. f4 Nc4 {½-½ (55) Rutkus,R (1966)-Thew,B (2210) ICCF email 2011}) 13. Nxd4 exd4 14. Nf5 Bf6 15. Qg4 Kh8 16. Rfe1 c5 17. Qg3 Qd7 18. Nd6 Bc6 19. Bxd5 Bxd5 20. Bf4 Rad8 21. h4 Be6 22. Ne4 {[%emt 0:07:10] The position is equal.} Be7 23. Bc7 Rc8 24. Bd6 Bxd6 25. Qxd6 Qxd6 26. Nxd6 Rc6 27. Ne4 h6 28. b3 Bd5 29. Ng3 Be6 30. Ne4 Bd5 31. Ng3 Be6 32. Ne4 {[%emt 0:00:11] Weighted Error Value: White=0.06 (flawless) /Black=0.04 (flawless)} 1/2-1/2

[Event "FIDE WTC Prel-B 2022"]
[Site "Jerusalem"]
[Date "2022.11.21"]
[Round "3.16"]
[White "Kobo, Ori"]
[Black "Janik, Igor"]
[Result "1/2-1/2"]
[ECO "E49"]
[WhiteElo "2554"]
[BlackElo "2539"]
[Annotator "TA"]
[PlyCount "86"]
[EventDate "2022.11.20"]
[EventType "team-tourn"]
[EventCountry "ISR"]
[SourceTitle "playchess.com"]
[Source "ChessBase"]
[SourceQuality "1"]
[WhiteTeam "Israel"]
[BlackTeam "Poland"]
[WhiteTeamCountry "ISR"]
[BlackTeamCountry "POL"]
[TimeControl "2700+10"]

1. d4 Nf6 2. c4 e6 3. Nc3 Bb4 4. e3 O-O 5. Bd3 d5 6. a3 Bxc3+ 7. bxc3 c6 8. Ne2 {[%emt 0:00:39] 8.Nf3 is vanishing. E49: Nimzo-Indian: Rubinstein: 5 Bd3 d5 6 a3 Bxc3+ 7 bxc3.} b6 9. cxd5 cxd5 10. f3 {[%emt 0:00:10] White has an edge.} Ba6 11. Bxa6 {[%emt 0:01:39] Recently 11.e4 got a lot of attention.} Nxa6 12. Qd3 Qc8 13. e4 Nc7 14. Bg5 Nd7 $1 15. O-O Qa6 16. Qe3 {[%emt 0:00:08] [#]} (16. Qxa6 $14 Nxa6 17. exd5) 16... Rac8 $146 ({Predecessor:} 16... f6 17. Bh4 Qc4 18. Rab1 Rac8 19. Bg3 dxe4 20. fxe4 e5 21. h4 Rfe8 22. Qf3 a5 {½-½ (47) Milov,V (2632)-Kortschnoj,V (2569) Switzerland 2004}) 17. e5 Qa4 18. Rab1 Qc6 19. Ng3 f6 20. exf6 Nxf6 21. Ne2 Nb5 22. a4 (22. Ra1 $11 {remains equal.}) 22... Na3 $17 23. Rbc1 Nc4 {[%emt 0:00:03] Pair of Knights!} 24. Qf2 {[%emt 0:04:52] [#]} Ne4 $1 25. Qh4 Nxg5 26. Qxg5 Qxa4 27. Rfe1 Qd7 28. Nf4 Rf6 29. Qg4 Re8 30. Re2 Qf7 31. g3 (31. Nd3 $142) 31... h5 (31... Rf5 $17 32. Rce1 e5) 32. Nxh5 $15 Rg6 ({Don't play} 32... Rxf3 33. Nxg7 $1 Rxg3+ 34. Qxg3 $16 (34. hxg3 Qxg7 35. Qh4 Qe7 $18)) 33. Qf4 {[%emt 0:00:55] [#]} Rh6 (33... Qe7 $1 $17 {Hoping for ...Rf8.} 34. g4 Rf8) 34. Qxf7+ {[%emt 0:00:22] The position is equal.} Kxf7 35. Nf4 g5 36. Nd3 a5 37. Ne5+ Nxe5 38. Rxe5 $11 {[%emt 0:00:02][%mdl 4096] Endgame KRR-KRR} Rg6 39. Rb1 Rc8 40. Rxb6 Rxc3 41. Rb7+ Kf6 42. Rb6 Kf7 43. Rb7+ Kf6 {[%emt 0:00:09] Weighted Error Value: White=0.11 (very precise) /Black=0.11 (very precise)} 1/2-1/2

[Event "FIDE WTC Prel-B 2022"]
[Site "Jerusalem"]
[Date "2022.11.21"]
[Round "3.17"]
[White "Mamedyarov, Shakhriyar"]
[Black "Vidit, Santosh Gujrathi"]
[Result "0-1"]
[ECO "E20"]
[WhiteElo "2741"]
[BlackElo "2724"]
[Annotator "TA"]
[PlyCount "68"]
[EventDate "2022.11.20"]
[EventType "team-tourn"]
[EventCountry "ISR"]
[SourceTitle "playchess.com"]
[Source "ChessBase"]
[SourceQuality "1"]
[WhiteTeam "Azerbaijan"]
[BlackTeam "India"]
[WhiteTeamCountry "AZE"]
[BlackTeamCountry "IND"]
[TimeControl "2700+10"]

1. d4 Nf6 2. c4 e6 3. Nc3 Bb4 4. g3 O-O 5. Bg2 d5 6. Nf3 dxc4 7. O-O Nc6 8. Re1 Nd5 {[%emt 0:07:34] has lost popularity (8...Rb8). E20: Nimzo-Indian: 4 g3 and 4 f3.} 9. Bd2 Nb6 {[%emt 0:02:20] [#]} 10. e3 $146 ({Predecessor:} 10. Ne4 Be7 11. Bc3 f5 12. Ned2 a5 13. a3 f4 14. e4 fxe3 15. Rxe3 Bf6 16. Ne4 {0-1 (62) Wesseln,K (2315)-Vonthron,H (2320) Germany 1989}) 10... Re8 {[%emt 0:00:37] The position is equal.} 11. Ne4 a5 12. a3 Bd6 13. Bc3 Qe7 14. Nfd2 a4 15. f4 {[%emt 0:03:07][%mdl 1024] White has compensation.} Bd7 16. Qc2 h6 17. Rad1 Reb8 18. g4 f6 19. h4 f5 20. gxf5 exf5 21. Nxd6 Qxd6 (21... cxd6 $11 22. d5 Na7) 22. d5 $1 $18 Ne7 23. Be5 {[%emt 0:01:47] A strong pair of Bishops.} Qc5 24. Bd4 Qb5 (24... Qd6 $142 25. Nxc4 Nxc4) 25. Kh2 ({White must play} 25. Bf1 $1 $18 Kh7 26. Nxc4 Nxc4 27. Bxc4) 25... Rf8 $16 (25... Nexd5 26. Rg1 c3 27. Bxd5+ Nxd5 28. Rxg7+ Kf8 29. Nc4 $1 Qxc4 30. Qg2 $18) 26. Rg1 Rf7 27. Bf3 (27. Bxb6 $18 Qxb6 28. Nxc4) 27... Nexd5 {[%emt 0:00:18] [#]} 28. Bh5 $1 ({And not} 28. Bxb6 Nxb6 29. Rg3 (29. Bxb7 $2 Re8 $19) 29... Be8 30. Bxb7 Rd8 $17) 28... Re7 {[%emt 0:00:09] [#] And now ...c5 would win.} 29. Ne4 {[%emt 0:02:27][%mdl 8192] Against c5} fxe4 $19 {[%emt 0:10:07] Black is clearly winning.} 30. Qg2 {[%emt 0:01:48][%cal Rd4g7] [#]} Nxf4 $1 31. Qxg7+ (31. exf4 Qxh5) 31... Rxg7 32. Rxg7+ Kf8 33. Rf7+ Ke8 34. Rxf4+ Qxh5 {[%emt 0:00:00] Black used his chance.  Weighted Error Value: White=0.91/Black=0.26 (precise)} 0-1